 Dungeon Crawl Stone Soup version 0.27-a0-1202-ge72e49191c (webtiles) character file.

Game seed: 4558597527314765580

1604 EldarEldrad the Destroyer (level 8, -4/40 (41) HPs)
             Began as a Deep Elf Fire Elementalist on June 3, 2021.
             Was an Initiate of Vehumet.
             Slain by an ice beast (14 damage)
             ... on level 6 of the Dungeon.
             The game lasted 00:26:04 (7368 turns).

EldarEldrad the Destroyer (DEFE)                    Turns: 7368, Time: 00:26:07

HP:   -4/40 (41)    AC:  2    Str:  5    XL:     8   Next: 63%
MP:   11/21         EV: 12    Int: 23    God:    Vehumet [......]
Gold: 288           SH:  0    Dex: 15    Spells: 11/22 levels left

rFire    . . .     SeeInvis .   f - +1 dagger (speed)
rCold    . . .     Faith    .   (no shield)
rNeg     . . .     Spirit   .   a - +0 robe
rPois    .         Reflect  .   (no helmet)
rElec    .         Harm     .   (no cloak)
rCorr    .         Rampage  .   (no gloves)
Will     .....                  (no boots)
Stlth    ++........             (no amulet)
HPRegen  0.13/turn              (no ring)
MPRegen  0.17/turn              (no ring)

@: lightly drained
A: no striking features
a: Renounce Religion


You were on level 6 of the Dungeon.
You worshipped Vehumet.
Vehumet was noncommittal.
You visited 2 branches of the dungeon, and saw 8 of its levels.

You collected 288 gold pieces.

Inventory:

Hand Weapons
 f - a +1 dagger of speed (weapon)
Missiles
 l - 9 poisoned darts
Armour
 a - a +0 robe (worn)
Jewellery
 n - an amulet of faith
 q - a ring of fire
Wands
 i - a wand of digging (2)
 r - a wand of charming (7)
 v - a wand of iceblast (12)
Scrolls
 c - 2 scrolls of immolation
 e - a scroll of holy word {unknown}
 m - a scroll of enchant weapon {unknown}
 p - a scroll of teleportation {unknown}
 s - 2 scrolls of identify
 t - a scroll of amnesia {unknown}
 u - a scroll of silence {unknown}
Potions
 b - a potion of haste
 d - a potion of mutation
 g - 2 potions of curing
 h - a potion of lignification
 j - 3 potions of flight
 k - 4 potions of heal wounds
 o - a potion of magic


   Skills:
 - Level 2.4 Dodging
 - Level 2.4 Stealth
 + Level 7.7 Spellcasting
 * Level 8.5 Conjurations
 + Level 6.8 Fire Magic


You had 11 spell levels left.
You knew the following spells:

 Your Spells              Type           Power      Damage    Failure   Level
a - Foxfire               Conj/Fire      100%       2x1d9     1%          1
b - Searing Ray           Conj           96%        3d7       1%          2
c - Conjure Flame         Conj/Fire      44%        6-21      1%          3
d - Fireball              Conj/Fire      22%        3d10      9%          5

Your spell library contained the following spells:

 Spells                   Type           Power      Damage    Failure   Level
 Magic Dart               Conj           100%       1d8       1%          1
 Dazzling Flash           Conj/Hex       56%        N/A       3%          3
 Sticky Flame             Conj/Fire      44%        2d6       3%          4
 Inner Flame              Hex/Fire       24%        N/A       5%          3
 Beastly Appendage        Tmut           16%        N/A       7%          1
 Summon Small Mammal      Summ           32%        N/A       7%          1
 Call Imp                 Summ           8%         N/A       11%         2
 Wereblood                Tmut           8%         N/A       11%         2
 Fulminant Prism          Conj/Hex       14%        3d9       12%         4
 Iskenderun's Mystic Bla  Conj/Tloc      28%        2d7       12%         4
 Call Canine Familiar     Summ           8%         N/A       22%         3
 Spider Form              Tmut/Pois      4%         N/A       22%         3
 Summon Guardian Golem    Hex/Summ       8%         N/A       22%         3
 Ice Form                 Ice/Tmut       8%         N/A       56%         4
 Summon Ice Beast         Ice/Summ       8%         N/A       56%         4
 Summon Lightning Spire   Summ/Air       8%         N/A       56%         4
 Hydra Form               Tmut           4%         N/A       89%         5


Dungeon Overview and Level Annotations

Branches:
Dungeon (7/15)             Temple (1/1) D:5

Altars:
Ashenzari
Cheibriados
Dithmenos
Elyvilon
Fedhas
Hepliaklqana
Kikubaaqudgha
Makhleb
Nemelex Xobeh
Okawaru
Qazlal
Ru
Sif Muna
Trog
Vehumet
Xom
Yredelemnul
The Shining One

Portals:
Abyss: D:6

Annotations:
D:6 2 transporters, Gilette's ghost, novice HOFi


Message History

The foxfire hits the ice beast.
The ice beast melts!
The ice beast is lightly wounded.
You conjure some foxfire!
The foxfire hits the ice beast!
The ice beast melts!
The ice beast is moderately wounded.
The gnoll barely misses you. The wight hits you with a +5 war axe!
You feel drained.
The wight hits your foxfire with a +5 war axe!
The wight completely misses your foxfire.
The foxfire hits the wight.
You destroy the wight!
Vehumet accepts your kill.
The foxfire hits the gnoll.
The gnoll is almost dead.
The gnoll closely misses you. The wight hits you with a +0 hand axe.
The ice beast barely misses you.
Your life force feels restored.
You climb upwards.
Level annotation: 2 transporters, Gilette's ghost, novice HOFi
There is a stone staircase leading down here.
Casting: Foxfire (safe; 1% risk of failure)
Confirm with . or Enter, or press ? or * to list all spells.
Aiming: Searing Ray (safe; 1% risk of failure)
Press: ? - help, Shift-Dir - straight line, f - wight
Aim: a wight, wielding a +0 hand axe and wearing a +0 robe (83% to hit)
The searing ray hits the wight.
The wight is moderately damaged. (Press . to maintain the ray.)
The wight closely misses you. The ice beast completely misses you.
The searing ray hits the wight!
The wight is almost destroyed.
The wight hits you with a +0 hand axe.
You feel drained.
* * * LOW HITPOINT WARNING * * *
The ice beast barely misses you.
The searing ray hits the wight.
You destroy the wight!
Vehumet accepts your kill. The ice beast hits you.
* * * LOW HITPOINT WARNING * * *
The ice beast freezes you!
You die...

#...##. #####.####.
#.....#####
########.######...
#.................
#.###.......###...
#.# #....##.# #..)
#Y#########.# #...
#@).......#.# #...
#######...#.# #...
##########...#.# #...
#...........##.# #...
#..............# ####
#............### ###.
######...###..####...
#...# ##.##.....
#...# #.#......


You could see an ice beast.

Vanquished Creatures
  Menkaure (D:5)
  4 water moccasins
  An ice beast (D:6)
  An ogre (D:6)
  A centaur (D:6)
  A scorpion (D:5)
  A water moccasin skeleton (D:5)
  3 wights
  A centaur zombie (D:4)
  2 orc priests (D:5)
  3 hounds
  Jessica (D:2)
  Natasha (thrice) (D:2)
  An orc wizard (D:6)
  2 hound skeletons (D:4)
  A howler monkey zombie (D:5)
  7 adders
  5 gnolls
  A shadow imp (D:6)
  2 white imps
  2 ufetubi (D:5)
  A worm (D:4)
  A dart slug (D:1)
  14 orcs
  7 ball pythons
  4 bats
  9 endoplasms
  7 giant cockroaches
  9 goblins
  9 hobgoblins
  7 jackals
  7 kobolds
  5 quokkas
  6 frilled lizards
  3 rats
133 creatures vanquished.

Vanquished Creatures (others)
  412 foxfires
412 creatures vanquished.

Grand Total: 545 creatures vanquished

Notes
Turn   | Place    | Note
-------+----------+-------------------------------------------
     0 | D:1      | EldarEldrad the Deep Elf Fire Elementalist began the quest
                  | for the Orb.
     0 | D:1      | Reached XP level 1. HP: 10/10 MP: 6/6
   205 | D:1      | Reached XP level 2. HP: 15/15 MP: 4/8
   330 | D:1      | Reached skill level 2 in Conjurations
   568 | D:1      | Learned a level 2 spell: Searing Ray
  1187 | D:1      | Reached XP level 3. HP: 19/19 MP: 5/10
  1670 | D:2      | Learned a level 3 spell: Conjure Flame
  1690 | D:2      | Noticed Natasha
  1693 | D:2      | Killed Natasha
  1694 | D:2      | Reached skill level 3 in Conjurations
  1694 | D:2      | Reached XP level 4. HP: 24/24 MP: 7/11
  1790 | D:2      | Noticed Natasha
  1814 | D:2      | Killed Natasha
  2118 | D:2      | Noticed Natasha
  2124 | D:2      | Noticed Jessica
  2125 | D:2      | Killed Natasha
  2171 | D:2      | Killed Jessica
  2172 | D:2      | Reached skill level 4 in Conjurations
  2172 | D:2      | Reached XP level 5. HP: 11/28 MP: 8/13
  2417 | D:2      | Found a sparkling altar of Nemelex Xobeh.
  2460 | D:2      | Found a faded altar of an unknown god.
  3466 | D:3      | Learned a level 5 spell: Fireball
  3665 | D:3      | Reached skill level 5 in Spellcasting
  3665 | D:3      | Reached XP level 6. HP: 32/32 MP: 11/15
  4242 | D:4      | Reached skill level 5 in Conjurations
  4424 | D:4      | Noticed a water moccasin
  4429 | D:4      | Killed a water moccasin
  4430 | D:4      | Reached skill level 5 in Fire Magic
  5433 | D:5      | Entered Level 5 of the Dungeon
  5489 | D:5      | Reached XP level 7. HP: 36/36 MP: 14/17
  5570 | D:5      | Found a staircase to the Ecumenical Temple.
  5578 | Temple   | Entered the Ecumenical Temple
  5585 | Temple   | Became a worshipper of Vehumet
  5793 | D:5      | Noticed Menkaure
  5798 | D:5      | Killed Menkaure
  5799 | D:5      | Reached skill level 6 in Conjurations
  6337 | D:6      | Noticed a purple ugly thing
  6338 | D:6      | Noticed a hell hog
  6348 | D:6      | Found a transporter.
  6359 | D:6      | Found a transporter.
  6402 | D:6      | Noticed Gilette's ghost (novice HOFi)
  6403 | D:6      | Found a one-way gate to the infinite horrors of the Abyss.
  6454 | D:6      | Reached skill level 7 in Conjurations
  6686 | D:6      | Reached XP level 8. HP: 41/41 MP: 15/20
  6906 | D:6      | Reached skill level 8 in Conjurations
  7368 | D:6      | Slain by an ice beast

Illustrated notes

Levels and vault maps discovered:
D:1:      matt_arrival_spirals, layout_basic, minmay_pentomino_z2
D:2:      layout_loops_cross, basic_altar, shapermc_ecumenical_altar_flowoftime,
          mrwooster_statue_mirror, uniq_jessica, uniq_natasha
D:3:      layout_loops_ring, nrook_mini_vaults, minmay_cupped
D:4:      layout_basic
D:5:      layout_loops_cross, minmay_temple_entry_glassed_door, serial_glass,
          glass_columns_b, glass_columns_b, uniq_menkaure
D:6:      kennysheep_spiral_hall, layout_basic, gammafunk_ghost_abyssal_escape
D:7:      layout_basic, marbit_many_paths, nicolae_ossuary_entry_ruins,
          uniq_prince_ribbit1
Temple:   nicolae_temple_no_exploring_needed

Skill      XL: |  1  2  3  4  5  6  7  8 |
---------------+-------------------------+-----
Conjurations   | 2 3 4 5 7 8 |  8.5
Spellcasting   | 4 5 6 7 |  7.7
Fire Magic     | 4 5 6 |  6.8
Dodging        | |  2.4
Stealth        | |  2.4

Action                   |  1- 3 |  4- 6 |  7- 9 || total
-------------------------+-------+-------+-------++-------
Melee: Dagger            |     2 |    17 |     1 ||    20
       Unarmed           |     1 |       |       ||     1
 Cast: Foxfire           |    61 |   129 |    62 ||   252
       Searing Ray       |     1 |     8 |     8 ||    17
       Fireball          |       |       |     2 ||     2
  Use: Scroll            |       |     5 |     3 ||     8
Armor: Robe              |       |     7 |       ||     7
Dodge: Dodged            |     4 |    36 |    12 ||    52

Table legend: (Time is in decaauts)
 A = Elapsed time spent in this place.
 B = Non-inter-level travel time spent in this place.
 C = Inter-level travel time spent in this place.
 D = Time resting spent in this place.
 E = Time spent auto-exploring this place.
 F = Levels seen in this place.
 G = Mean time per level.
                   A        B        C        D        E       F      G
               +--------+--------+--------+--------+--------+-----+--------+
         Total |   7360 |   7206 |    154 |   2241 |   3932 |   8 |  920.0 |
       Dungeon |   7345 |   7197 |    148 |   2241 |   3932 |   7 | 1049.3 |
        Temple |     14 |      8 |      6 |      0 |      0 |   1 |   14.0 |
               +--------+--------+--------+--------+--------+-----+--------+

Top non-repeatable levels by time:
     D:1: 1541 daAuts
     D:2: 1446 daAuts
     D:4: 1293 daAuts
     D:3: 1144 daAuts
     D:6: 1039 daAuts
     D:5: 871 daAuts
  Temple: 14 daAuts
     D:7: 9 daAuts
